 Dungeon Crawl Stone Soup version 0.28-a0-664-gc179e30c89 (webtiles) character file.

Game seed: 3568720570668538177

805 SkeletonJelly the Covert (level 7, -22/40 HPs)
             Began as a Vampire Chaos Knight on Oct 15, 2021.
             Was a Plaything of Xom.
             Annihilated by an ogre (32 damage)
             ... on level 4 of the Dungeon.
             The game lasted 00:07:30 (3956 turns).

SkeletonJelly the Covert (Vampire Chaos Knight)     Turns: 3956, Time: 00:07:31

Health: -22/40     AC:  2    Str:  9    XL:     7   Next: 60%
Magic:  7/7        EV: 12    Int: 15    God:    Xom [......]
Gold:   168        SH:  0    Dex: 15    Spells: 6/6 levels left

rFire   . . .      SeeInvis +   a - +0 short sword (chaos)
rCold   + + .      Faith    .   (no shield)
rNeg    + + +      Spirit   .   p - +0 animal skin
rPois   ∞          Reflect  .   o - +0 helmet
rElec   .          Harm     .   (no cloak)
rCorr   +          Rampage  .   (no gloves)
Will    .....                   (no boots)
Stlth   ++++++....              (no amulet)
HPRegen 0.00/turn               k - ring of resist corrosion
MPRegen 0.10/turn               (no ring)

@: bloodless, inhibited regen, unable to read
A: bloodless, fangs 3, see invisible, vampiric 2, deformed body, weak 1,
inability to read while threatened
a: Bat Form, Revivify, Renounce Religion


You were on level 4 of the Dungeon.
You worshipped Xom.
You were a very special plaything of Xom.
You visited 1 branch of the dungeon, and saw 4 of its levels.

You collected 168 gold pieces.

Inventory:

Hand Weapons
 a - a +0 short sword of chaos (weapon)
 j - a +4 dagger
Armour
 b - a +2 leather armour
 o - a +0 helmet (worn)
 p - a +0 animal skin (worn)
Magical Staves
 g - a staff of fire
Jewellery
 k - a ring of resist corrosion (left hand)
 u - a +6 ring of strength
Wands
 n - a wand of digging (9)
Scrolls
 c - a scroll of teleportation {unknown}
 f - 5 scrolls of identify {unknown}
 h - 3 scrolls of noise {unknown}
 i - 2 scrolls of magic mapping {unknown}
 l - a scroll of enchant armour {unknown}
 r - a scroll of amnesia {unknown}
 s - a scroll of acquirement {unknown}
Potions
 d - a potion of haste {unknown}
 e - a potion of attraction {unknown}
 m - 3 potions of curing {unknown}
 q - a potion of mutation {unknown}
 t - a potion of magic {unknown}


   Skills:
 - Level 2.6 Fighting
 + Level 7.4 Short Blades
 - Level 0.7 Armour
 - Level 2.1 Dodging
 + Level 9.3 Stealth


You had 6 spell levels left.
You didn't know any spells.
Your spell library was empty.

Dungeon Overview and Level Annotations

Branches:
Dungeon (4/15)
 Temple: D:4-7

Altars:


Innate Abilities, Weirdness & Mutations

You do not regenerate when monsters are visible.
You are frail without blood (-20% HP).
You can heal yourself when you bite living creatures.
You are immune to poison.
You have razor-sharp teeth.
You have supernaturally acute eyesight. (SInv)
You are afflicted with vampirism and can become a bat while bloodless.
Armour fits poorly on your strangely shaped body.
You are weak. (Str -2)
You sometimes lose the ability to read scrolls when taking damage.


Message History

The gnoll is moderately wounded.
You regained 3 hp, and now have 39/40 hp.
You hit the gnoll. You burn the gnoll.
The gnoll is severely wounded.
The gnoll hits you with a +0 whip!
The gnoll hits you from afar with a +0 halberd!
You feel threatened and lose the ability to read scrolls!
You take 15 damage, and have 24/40 hp.
MASSIVE DAMAGE!!
You hit the gnoll. You freeze the gnoll.
The gnoll is severely wounded.
The gnoll hits you with a +0 whip.
You take 4 damage, and have 20/40 hp.
You hit the gnoll. You freeze the gnoll.
You kill the gnoll!
You can read scrolls again.
Xom decides to rearrange the pieces.
You swap places with the gnoll.
The gnoll barely misses you.
The gnoll hits you from afar with a +0 halberd.
You feel threatened and lose the ability to read scrolls!
You emit a cloud of colourful smoke!
You take 5 damage, and have 16/40 hp.
You can read scrolls again.
There is a stone staircase leading up here.
You climb upwards.
There is a stone staircase leading down here.
You see here a +0 quarterstaff.
There is a stone staircase leading down here.
You regained 7 hp, and now have 25/40 hp.
You are now a very special plaything of Xom.
You regained 4 hp, and now have 29/40 hp.
HP restored.
Done exploring.
Health restored: 40 You climb downwards.
The giant cockroach closely misses you.
The giant cockroach completely misses you.
There is a stone staircase leading up here.
You closely miss the giant cockroach. The giant cockroach bites you.
You take 2 damage, and have 38/40 hp.
You hit the giant cockroach but do no damage.
The giant cockroach flickers and vanishes for a moment.
Xom is interested.
The giant cockroach barely misses you.
You barely miss the giant cockroach. You hit the giant cockroach.
The giant cockroach is heavily wounded.
The giant cockroach closely misses you.
You hit the giant cockroach but do no damage.
The giant cockroach is heavily wounded.
The giant cockroach barely misses you.
You hit the giant cockroach. You freeze the giant cockroach.
You kill the giant cockroach!
No target in view!
No target in view!
No target in view!
No target in view!
HP restored.
An endoplasm comes into view.
Health restored: 40
There is a stone staircase leading up here.
No target in view!
No target in view!
No target in view!
No target in view!
An endoplasm and an ogre come into view.
Found an escape hatch in the ceiling.
The ogre shouts!
The ogre misses you.
You hit the ogre.
The ogre is lightly wounded.
The endoplasm jiggles.
The ogre barely misses you.
You hit the ogre.
The ogre goes berserk!
Xom is amused.
You bite the ogre.
You draw the ogre's blood!
The ogre is lightly wounded.
The endoplasm barely misses you.
You hit the ogre.
The ogre is moderately wounded.
The ogre hits you with a +0 giant club!
You take 10 damage, and have 30/40 hp.
MASSIVE DAMAGE!!
You hit the ogre. You freeze the ogre.
The ogre is heavily wounded.
The ogre hits you with a +0 giant club!!
You feel threatened and lose the ability to read scrolls!
* * * LOW HITPOINT WARNING * * *
The endoplasm freezes you.
You are frozen.
You resist.
* * * LOW HITPOINT WARNING * * *
You take 20 damage, and have 10/40 hp.
MASSIVE DAMAGE!!
You are too injured to fight recklessly!
You are too injured to fight recklessly!
You are too injured to fight recklessly!
You are too injured to fight recklessly! "This might be better!"
The endoplasm changes into a glowing shapeshifter!
The glowing shapeshifter changes into a wolf spider!
The ogre hits you with a +0 giant club!!
Ouch! That really hurt!
You die...
Xom cackles wildly!

#..........#
#.########.#
#.# #.# #<#
#.# ### #.#
#.#
#...###.#
#.. #.....#
###.
#...##..# .#
## #@.# #
#Os#
#.........#
#..<....#..#
#.#.##.##..#
# #. #.. ...
# ### .#..
#.#


You could see a wolf spider shaped shifter and an ogre (berserk).

Vanquished Creatures
  Grinder (D:3)
  Sigmund (D:2)
  2 necrophages (D:4)
  An ogre (D:2)
  Ijyb (D:3)
  Robin (D:3)
  2 gnolls
  5 adders
  An adder skeleton (D:4)
  2 worms (D:3)
  3 dart slugs
  7 endoplasms
  3 giant cockroaches
  12 hobgoblins
  2 jackals
  A quokka (D:1)
  18 ball pythons
  3 bats
  4 frilled lizards
  14 goblins
  5 kobolds
  3 rats
92 creatures vanquished.

Vanquished Creatures (others)
  14 plants (D:3)
14 creatures vanquished.

Grand Total: 106 creatures vanquished

Notes
Turn   | Place    | Note
-------+----------+-------------------------------------------
     0 | D:1      | SkeletonJelly the Vampire Chaos Knight began the quest for
                  | the Orb.
     0 | D:1      | Reached XP level 1. HP: 17/17 MP: 1/1
    88 | D:1      | Found a faded altar of an unknown god.
    95 | D:1      | Reached skill level 1 in Stealth
   140 | D:1      | Reached XP level 2. HP: 21/23 MP: 2/2
   344 | D:1      | XOM: cast spell 'Call Canine Familiar'
   347 | D:1      | Reached skill level 2 in Stealth
   423 | D:1      | XOM: silly message
   571 | D:1      | Reached skill level 3 in Stealth
   876 | D:1      | Gained mutation: You are afflicted with vampirism and can
                  | become a bat while bloodless. [Vampire growth]
   876 | D:1      | Reached XP level 3. HP: 22/22 MP: 3/3
   968 | D:1      | XOM: butterfly on damage
  1459 | D:2      | Reached skill level 4 in Stealth
  1510 | D:2      | Reached XP level 4. HP: 20/27 MP: 4/4
  1587 | D:2      | XOM: 1-stop teleportation journey
  1640 | D:2      | Noticed an ogre
  1643 | D:2      | Killed an ogre
  1644 | D:2      | Reached skill level 5 in Short Blades
  1644 | D:2      | Reached skill level 5 in Stealth
  1644 | D:2      | Reached XP level 5. HP: 31/31 MP: 5/5
  1922 | D:2      | XOM: stat loss: -1 Int (14/15)
  1970 | D:2      | XOM: 1-stop teleportation journey
  2004 | D:2      | XOM: cloud trail
  2041 | D:2      | Noticed Sigmund
  2046 | D:2      | Killed Sigmund
  2047 | D:2      | Reached skill level 6 in Stealth
  2047 | D:2      | Reached XP level 6. HP: 36/36 MP: 6/6
  2222 | D:3      | Noticed Grinder
  2225 | D:3      | Killed Grinder
  2226 | D:3      | Reached skill level 8 in Stealth
  2226 | D:3      | Reached XP level 7. HP: 40/40 MP: 7/7
  2251 | D:3      | XOM: silly message
  2261 | D:3      | XOM: 3-stop teleportation journey
  2281 | D:3      | XOM: scenery: summon butterflies
  2291 | D:3      | XOM: stat loss: -1 Int (14/15)
  2614 | D:3      | Noticed Robin
  2636 | D:3      | XOM: enchant monster (bad)
  2645 | D:3      | Killed Robin
  2918 | D:3      | Noticed Ijyb
  2934 | D:3      | Killed Ijyb
  3156 | D:3      | XOM: give mutations
  3156 | D:3      | Gained mutation: You sometimes lose the ability to read
                  | scrolls when taking damage. [Xom's mischief]
  3156 | D:3      | Gained mutation: You are weak. (Str -2) [Xom's mischief]
  3321 | D:3      | XOM: give mutations
  3321 | D:3      | Gained mutation: You are clumsy. (Dex -2) [Xom's mischief]
  3321 | D:3      | Lost mutation: You are clumsy. (Dex -2) [Xom's mischief]
  3321 | D:3      | Gained mutation: Armour fits poorly on your strangely
                  | shaped body. [Xom's mischief]
  3567 | D:4      | XOM: 5-stop teleportation journey
  3651 | D:4      | Reached skill level 9 in Stealth
  3703 | D:4      | XOM: swap monsters
  3705 | D:4      | XOM: smoke on damage
  3956 | D:4      | Noticed a glowing shapeshifter
  3956 | D:4      | an endoplasm changed into a glowing shapeshifter
  3956 | D:4      | XOM: polymorph endoplasm -> glowing shapeshifter
  3956 | D:4      | Noticed a wolf spider
  3956 | D:4      | a glowing shapeshifter changed into a wolf spider
  3956 | D:4      | Annihilated by an ogre

Illustrated notes

Levels and vault maps discovered:
D:1:      matt_arrival_spirals, layout_basic,
          hellmonk_ecumenical_altar_crossroads, kennysheep_another_room,
          grunt_decor_one_mirror, chequers_serial_rivers_micro_b,
          minmay_surrounded
D:2:      layout_loops_corners, uniq_sigmund
D:3:      layout_loops_ring, corexii_item_surrounded_by_moat,
          minmay_misc_feat_rugged, serial_bayou_ford_a,
          kennysheep_big_empty_room, minmay_unequal, uniq_ijyb, uniq_robin,
          uniq_grinder
D:4:      layout_loops_ring, evilmike_ruin_ashenzari,
          minmay_temple_entry_nine_rooms, ebering_ghost_reflecting_pool,
          serial_shops, kennysheep_little_box, hangedman_decor_points,
          uniq_blork_the_orc

Skill      XL: |  1  2  3  4  5  6  7 |
---------------+----------------------+-----
Stealth        | 1 3 4 5 6 8 9 |  9.3
Short Blades   | 4 5 6 7 |  7.4
Fighting       | |  2.6
Armour         | |  0.7
Dodging        | |  2.1

Action                   |  1- 3 |  4- 6 |  7- 9 || total
-------------------------+-------+-------+-------++-------
Melee: Short sword       |    99 |    32 |   122 ||   253
       Bite              |     7 |     2 |    10 ||    19
 Abil: Exsanguinate      |     1 |       |       ||     1
 Stab: Sleeping          |     7 |     9 |    12 ||    28
       Paralysed         |       |     1 |       ||     1
Armor: Leather armour    |    24 |     7 |    14 ||    45
       Animal skin       |       |       |     1 ||     1
Dodge: Dodged            |    45 |    20 |    51 ||   116

Table legend: (Time is in decaauts)
 A = Elapsed time spent in this place.
 B = Non-inter-level travel time spent in this place.
 C = Inter-level travel time spent in this place.
 D = Time resting spent in this place.
 E = Time spent auto-exploring this place.
 F = Levels seen in this place.
 G = Mean time per level.
                   A        B        C        D        E       F      G
               +--------+--------+--------+--------+--------+-----+--------+
         Total |   3916 |   3790 |    126 |      0 |   3011 |   4 |  979.0 |
       Dungeon |   3916 |   3790 |    126 |      0 |   3011 |   4 |  979.0 |
               +--------+--------+--------+--------+--------+-----+--------+

Top non-repeatable levels by time:
     D:3: 1332 daAuts
     D:1: 1130 daAuts
     D:2: 1076 daAuts
     D:4: 377 daAuts
